 Dungeon Crawl Stone Soup version 0.26-a0-665-gefeb406119 (webtiles) character file.

Game seed: 12060821811796444947

95911 robertstho the Brawler (level 15, -3/144 (146) HPs)
             Began as a Troll Berserker on Oct 13, 2020.
             Was the Champion of Trog.
             Killed by divine providence
             ... invoked by an orc priest
              (15 damage)
             ... on level 2 of the Orcish Mines.
             The game lasted 00:42:39 (21404 turns).

robertstho the Brawler (Troll Berserker)           Turns: 21404, Time: 00:42:40

HP:   -3/144 (146)  AC: 20    Str: 32    XL:     15   Next: 67%
MP:   14/14         EV: 14    Int:  5    God:    Trog [******]
Gold: 2456          SH: 17    Dex:  9    Spells: 14/14 levels left

rFire    . . .     SeeInvis +     - Unarmed
rCold    + + .     Faith    .   X - +2 kite shield {AC+3}
rNeg     . . .     Spirit   .   F - +0 swamp dragon scales
rPois    +         Reflect  +   m - +0 hat of Theory {-Tele rC++ Slay+6} (curse)
rElec    .         Harm     .   R - +2 cloak {rCorr}
rCorr    +         Rampage  .   (gloves unavailable)
MR       +++..     NoTele   +   (boots unavailable)
Stlth    +.........             G - amulet of reflection
HPRegen  1.74/turn              f - ring of see invisible
MPRegen  0.14/turn              Q - +4 ring of evasion

@: berserk cooldown, regenerating, slowed, lightly drained, very slow
A: large, unfitting armour, claws 3, regeneration 1, shaggy fur 1, tough skin 3
a: Berserk, Trog's Hand, Brothers in Arms, Renounce Religion


You were on level 2 of the Orcish Mines.
You worshipped Trog.
Trog was exalted by your worship.
You visited 3 branches of the dungeon, and saw 21 of its levels.
You also visited: Sewer, Ossuary, Bailey, Gauntlet and Volcano.

You collected 2591 gold pieces.
You spent 135 gold pieces at shops.

Inventory:

Hand Weapons
 x - the +2 broad axe "Nutsuaj" {flame, rPois}
   (Trog gifted it to you on level 6 of the Lair of Beasts)

   It has been specially enchanted to burn those struck by it, causing extra
   injury to most foes and up to half again as much damage against particularly
   susceptible opponents.
   Big, fiery blades are also staple armaments of hydra-hunters.
   It protects you from poison.
 U - a +3 demon trident of venom
Missiles
 N - 9 large rocks (quivered)
 T - 17 silver javelins
Armour
 m - the cursed +0 hat of Theory (worn) {-Tele rC++ Slay+6}
   (You found it in a Gauntlet)

   It affects your accuracy and damage with ranged weapons and melee attacks
   (+6).
   It greatly protects you from cold.
   It prevents most forms of teleportation.
   It has a curse placed upon it.
 z - a +2 robe of fire resistance
 F - +0 swamp dragon scales (worn)
 R - a +2 cloak of preservation (worn)
 X - a +2 kite shield of protection (worn)
Jewellery
 f - a ring of see invisible (left claw)
 t - an uncursed ring of protection from fire
 D - an uncursed ring of ice
 G - an amulet of reflection (around neck)
 O - an uncursed ring of protection from magic
 Q - a +4 ring of evasion (right claw)
Wands
 v - a wand of polymorph (18)
 y - a wand of flame (11)
 E - a wand of iceblast (28)
 K - a wand of digging (2)
 L - a wand of enslavement (11)
Scrolls
 a - 2 scrolls of random uselessness {unknown}
 e - 6 scrolls of enchant weapon
 i - 7 scrolls of remove curse
 k - 8 scrolls of teleportation
 l - 7 scrolls of fog
 o - 4 scrolls of fear
 p - 3 scrolls of magic mapping
 C - a scroll of vulnerability {unknown}
 M - 3 scrolls of enchant armour
 P - a scroll of summoning
 S - a scroll of brand weapon
 W - 2 scrolls of holy word
Potions
 b - 15 potions of curing
 c - 2 potions of mutation
 d - 3 potions of haste
 g - 9 potions of heal wounds
 h - 3 potions of ambrosia
 j - 6 potions of might
 n - 5 potions of magic
 q - 5 potions of lignification
 s - 2 potions of stabbing
 u - 5 potions of flight
 w - 2 potions of invisibility
 A - a potion of cancellation
 B - 2 potions of resistance
 H - a potion of berserk rage {unknown}
Miscellaneous
 r - a lightning rod (4/4)
 I - a phantom mirror
 J - a condenser vane (2/2)


   Skills:
 * Level 9.1(8.6) Fighting
   Level 4.2(3.8) Long Blades
 + Level 0.3 Axes
 + Level 1.0(0.7) Polearms
 + Level 0.9(0.5) Throwing
 * Level 8.9(8.4) Armour
 + Level 7.9(7.5) Dodging
 + Level 1.9(1.5) Stealth
 + Level 4.8(4.3) Shields
 * Level 19.7(19.1) Unarmed Combat


You had 14 spell levels left.
You didn't know any spells.
Your spell library was empty.

Dungeon Overview and Level Annotations

Branches:
Dungeon (13/15)            Temple (0/1) D:4            Lair (6/6) D:9
  Swamp (0/4) Lair:4        Snake (0/4) Lair:4        Slime (0/5) Lair:5
    Orc (2/2) D:11            Elf (0/3) Orc:2        Vaults (0/5) D:13
  Sewer (visited)         Ossuary (visited)          Bailey (visited)
Volcano (visited)         Gauntlet (visited)

Altars:
Cheibriados
Dithmenos
Fedhas
Hepliaklqana
Kikubaaqudgha
Nemelex Xobeh
Ru
Uskayaw
Vehumet
Xom
Zin

Shops:
Orc:2 ==}*


Innate Abilities, Weirdness & Mutations

You are too large for most types of armour.
You have claws for hands.
Your natural rate of healing is unusually fast.
You are covered in fur. (AC +1)
You have extremely tough skin. (AC +3)


Message History

The magic dart hits you but does no damage.
Things that are here:
a +0 giant club; a +0 giant club Unknown command.
The orc wizard casts a spell at you.
The puff of flame reflects off an invisible shield around you!
The puff of flame hits the orc wizard.
You kill the orc wizard!
Trog accepts your kill.
Trog appreciates your killing of a magic user.
The orc warrior throws a boomerang.
You reflect the boomerang off an invisible shield around you!
The boomerang barely misses the orc warrior.
The weapon returns to the orc warrior!
The orc warrior throws a boomerang.
The boomerang hits you!
* * * LOW HITPOINT WARNING * * *
The weapon returns to the orc warrior!
The orc priest mumbles some strange prayers to Beogh against you.
Beogh smites you!
You die...

##.....#.#..........#.......
........#..........#.....#.>
##...#........#...#....##...
............##.......##..<.
.....................##..#
............#..........##.
..........################
#.........# .........@#
.........)# ..........#
..$....).)# ......)).)#
......))))# .........o# .
........oo######..
.........)#o......


You could see an orc warrior, an orc priest and an orc.

Vanquished Creatures
  An orc warlord (Orc:2)
  A minotaur (Gauntlet)
  The ghost of Deed the Peltast, a journeyman MiFi of Wu Jian (Lair:3)
  A death ooze (Gauntlet)
  Erolcha (D:11)
  Josephine (D:12)
  7 hydras
  Erica (D:8)
  2 catoblepae (Lair:6)
  15 death yaks
  5 two-headed ogres
  A queen ant (Lair:3)
  Urug (Lair:6)
  2 spectral death yaks (Lair:3)
  A fire crab (Lair:6)
  4 skeletal warriors
  2 unseen horrors
  A swamp dragon (Lair:4)
  A death drake (Gauntlet)
  4 oklob plants (Lair:2)
  4 orc knights
  An anaconda skeleton (Volcano)
  5 orc sorcerers
  4 manticores
  2 necromancers (D:13)
  6 slime creatures
  11 elephants
  Maurice (D:9)
  6 black mambas
  A torpor snail (Lair:6)
  4 gargoyles
  11 cane toads
  A centaur skeleton (D:13)
  12 komodo dragons
  A rime drake (Lair:4)
  A redback zombie (Gauntlet)
  5 trolls
  2 polar bears
  A queen bee (Gauntlet)
  A harpy skeleton (Volcano)
  2 spectral black mambas (Lair:3)
  18 blink frogs
  6 dream sheep (Lair:5)
  A meliai zombie (Gauntlet)
  3 flying skulls (Volcano)
  3 wraiths (D:12)
  An alligator skeleton (Volcano)
  A vampire (D:13)
  5 wyverns
  76 yaks
  A spectral komodo dragon (Lair:3)
  2 steam dragons (D:9)
  Grum (D:8)
  6 basilisks
  3 vampire mosquitoes (D:13)
  2 swamp worms (D:7)
  6 soldier ants
  A spectral cane toad (Lair:3)
  A warg (Orc:1)
  15 water moccasins
  13 orc warriors
  A sky beast (D:11)
  2 ice beasts (D:6)
  2 phantoms
  5 black bears
  2 necrophages
  23 wolves
  14 ogres
  7 centaurs
  3 big kobolds
  4 elf zombies (Ossuary)
  9 gnoll sergeants
  13 bullfrogs
  A wyvern zombie (D:12)
  9 killer bees
  3 scorpions
  2 vampire bats (D:8)
  12 wights
  3 howler monkeys
  6 electric eels
  2 spriggan skeletons (Volcano)
  5 jellies
  A torpor snail simulacrum (Lair:3)
  2 bullfrog zombies
  A quasit (D:13)
  7 centaur zombies
  8 hounds
  18 orc priests
  3 bullfrog skeletons
  9 gnoll shamans
  Jessica (D:2)
  3 human zombies (Ossuary)
  15 iguanas
  28 orc wizards
  Natasha (thrice) (D:3)
  16 worker ants
  A killer bee zombie (D:6)
  A hound skeleton (D:8)
  A howler monkey zombie (D:10)
  3 mummies (Ossuary)
  42 gnolls
  18 adders
  5 river rats (Sewer)
  A shadow imp (D:8)
  3 ufetubi
  2 oozes
  2 adder zombies
  5 dart slugs
  3 worms
  12 leopard geckos
  77 orcs
  15 ball pythons
  8 bats
  3 bat skeletons (D:8)
  3 bat zombies (D:8)
  7 giant cockroaches
  10 goblins
  15 hobgoblins
  19 jackals
  42 kobolds
  3 quokkas
  8 frilled lizards
  A jackal skeleton (D:7)
  A quokka skeleton (D:4)
  28 rats
882 creatures vanquished.

Vanquished Creatures (collateral kills)
  A catoblepas (Lair:6)
  A death yak (Lair:6)
  2 orc high priests (Orc:2)
  Sonja (D:10)
  3 skeletal warriors (D:11)
  An unseen horror (D:11)
  An orc knight (Orc:2)
  A cyclops (D:12)
  An ugly thing (D:12)
  A manticore (D:11)
  Maggie (D:10)
  5 yaks
  3 orc warriors
  A black bear (D:11)
  A scorpion (D:12)
  7 killer bees
  4 wights (D:10)
  A howler monkey (D:11)
  A jelly (D:11)
  2 gnoll shamans (D:6)
  3 orc priests
  A worker ant (D:11)
  11 gnolls (D:6)
  3 orcs
  A quokka (D:11)
58 creatures vanquished.

Vanquished Creatures (others)
  A wraith (D:12)
  An orc warrior (D:11)
  27 fungi
  68 plants
  4 withered plants (Gauntlet)
101 creatures vanquished.

Grand Total: 1041 creatures vanquished

Notes
Turn   | Place    | Note
-------+----------+-------------------------------------------
     0 | D:1      | robertstho the Troll Berserker began the quest for the Orb.
     0 | D:1      | Reached XP level 1. HP: 22/22 MP: 0/0
   140 | D:1      | Reached XP level 2. HP: 29/29 MP: 1/1
   277 | D:1      | Reached ** piety under Trog
   281 | D:1      | Reached XP level 3. HP: 21/36 MP: 2/2
  1084 | D:2      | Reached XP level 4. HP: 41/44 MP: 3/3
  1198 | D:2      | Found a shimmering altar of Xom.
  1328 | D:2      | Noticed Jessica
  1338 | D:2      | Killed Jessica
  1338 | D:2      | Reached skill level 4 in Unarmed Combat
  1416 | D:2      | Found a blossoming altar of Fedhas.
  1472 | D:2      | Reached skill level 1 in Armour
  1678 | D:3      | Reached XP level 5. HP: 46/53 MP: 4/4
  1680 | D:3      | Reached *** piety under Trog
  1926 | D:3      | Noticed Natasha
  1927 | D:3      | Found a hide-covered altar of Uskayaw.
  1932 | D:3      | Killed Natasha
  2055 | D:3      | Noticed Natasha
  2062 | D:3      | Killed Natasha
  2062 | D:3      | Reached skill level 5 in Unarmed Combat
  2288 | D:3      | Noticed Natasha
  2300 | D:3      | Killed Natasha
  2398 | D:4      | Noticed an ogre
  2401 | D:4      | Killed an ogre
  2401 | D:4      | Reached XP level 6. HP: 49/61 MP: 5/5
  2683 | D:4      | Reached skill level 6 in Unarmed Combat
  2745 | D:4      | Found a staircase to the Ecumenical Temple.
  2878 | D:4      | Reached XP level 7. HP: 33/67 MP: 6/6
  3065 | D:4      | Found a sand-covered staircase.
  3074 | Ossuary  | Entered an ossuary
  3084 | Ossuary  | Reached **** piety under Trog
  3099 | Ossuary  | Reached skill level 7 in Unarmed Combat
  3158 | Ossuary  | Reached skill level 8 in Unarmed Combat
  3158 | Ossuary  | Reached XP level 8. HP: 35/76 MP: 7/7
  3546 | D:4      | Found a hazy altar of Hepliaklqana.
  3781 | D:5      | Entered Level 5 of the Dungeon
  3920 | D:5      | Reached skill level 9 in Unarmed Combat
  4051 | D:5      | Found a glowing silver altar of Zin.
  4556 | D:5      | Found a shadowy altar of Dithmenos.
  4635 | D:5      | Found a snail-covered altar of Cheibriados.
  4677 | D:5      | Found a radiant altar of Vehumet.
  4834 | D:6      | Found a sparkling altar of Nemelex Xobeh.
  4942 | D:6      | Reached XP level 9. HP: 84/84 MP: 8/8
  4993 | D:6      | Reached skill level 10 in Unarmed Combat
  5053 | D:6      | Reached ***** piety under Trog
  5226 | D:6      | Found a glowing drain.
  5230 | Sewer    | Entered a sewer
  5564 | D:6      | Reached skill level 1 in Stealth
  5830 | D:6      | Reached skill level 11 in Unarmed Combat
  5839 | D:6      | Received a gift from Trog
  6379 | D:7      | Reached skill level 5 in Dodging
  6449 | D:7      | Reached XP level 10. HP: 94/94 MP: 9/9
  6552 | D:7      | Noticed a two-headed ogre
  6557 | D:7      | Killed a two-headed ogre
  6637 | D:7      | Reached skill level 12 in Unarmed Combat
  7118 | D:8      | Reached skill level 5 in Fighting
  7124 | D:8      | Noticed Grum
  7132 | D:8      | Killed Grum
  7451 | D:8      | Noticed Erica
  7465 | D:8      | Killed Erica
  7465 | D:8      | Reached skill level 13 in Unarmed Combat
  7687 | D:8      | Found an ancient bone altar of Kikubaaqudgha.
  7690 | D:8      | Reached ****** piety under Trog
  7867 | D:9      | Reached skill level 1 in Long Blades
  8050 | D:9      | Noticed Maurice
  8094 | D:9      | Killed Maurice
  8094 | D:9      | Reached XP level 11. HP: 104/104 MP: 10/10
  8173 | D:9      | Found a staircase to the Lair.
  8190 | D:9      | Received a gift from Trog
  8235 | D:9      | HP: 7/156 [troll (6)]
  8774 | D:10     | Entered Level 10 of the Dungeon
  8793 | D:10     | Reached skill level 5 in Armour
  9154 | D:10     | Noticed an unseen horror
  9162 | D:10     | Killed an unseen horror
  9380 | D:10     | Noticed Sonja
  9386 | D:10     | Killed Sonja
  9546 | D:10     | Noticed Maggie
  9553 | D:10     | Killed Maggie
  9795 | D:11     | Noticed Erolcha
  9810 | D:11     | Killed Erolcha
  9817 | D:11     | Noticed an unseen horror
  9826 | D:11     | Noticed a skeletal warrior
  9827 | D:11     | Killed an unseen horror
  9828 | D:11     | Received a gift from Trog
  9830 | D:11     | Noticed a skeletal warrior
  9830 | D:11     | Noticed a skeletal warrior
  9831 | D:11     | Killed a skeletal warrior
  9831 | D:11     | Reached skill level 14 in Unarmed Combat
  9833 | D:11     | Noticed a skeletal warrior
  9833 | D:11     | Killed a skeletal warrior
  9834 | D:11     | Killed a skeletal warrior
  9834 | D:11     | Noticed a skeletal warrior
  9842 | D:11     | Killed a skeletal warrior
  9849 | D:11     | Killed a skeletal warrior
  9878 | D:11     | Found a flagged portal.
  9888 | Bailey   | Entered a bailey
  9901 | Bailey   | Reached XP level 12. HP: 73/114 MP: 11/11
 10216 | Bailey   | Got a warped iron amulet
 10272 | Bailey   | Identified the Papyrus of Weightlessness and Transmutation
 10935 | D:11     | Found a staircase to the Orcish Mines.
 11355 | D:12     | Identified the amulet "Alyl" {Reflect Str-2 Int+3 SH+5}
                  | (You found it in a bailey)
 11494 | D:12     | Noticed Josephine
 11502 | D:12     | Received a gift from Trog
 11505 | D:12     | Killed Josephine
 11533 | D:12     | Reached skill level 15 in Unarmed Combat
 11858 | D:12     | Reached skill level 1 in Polearms
 12094 | D:13     | Noticed a two-headed ogre
 12094 | D:13     | Noticed a two-headed ogre
 12101 | D:13     | Killed a two-headed ogre
 12105 | D:13     | Killed a two-headed ogre
 12155 | D:13     | Found a gate to the Vaults.
 12207 | D:13     | Found a gate leading to a gauntlet.
 12233 | Gauntlet | Entered a Gauntlet
 12233 | Gauntlet | Found a runed translucent gate.
 12233 | Gauntlet | Found a transporter.
 12233 | Gauntlet | Found a transporter.
 12233 | Gauntlet | Found a transporter.
 12236 | Gauntlet | Noticed a death ooze
 12288 | Gauntlet | Found a runed translucent gate.
 12289 | Gauntlet | Found a runed translucent gate.
 12296 | Gauntlet | Found a transporter.
 12299 | Gauntlet | Found a transporter.
 12308 | Gauntlet | Found a transporter.
 12310 | Gauntlet | Found a transporter.
 12318 | Gauntlet | Found a transporter.
 12336 | Gauntlet | Found a transporter.
 12341 | Gauntlet | Found a transporter.
 12344 | Gauntlet | Found a transporter.
 12345 | Gauntlet | Noticed a queen ant
 12355 | Gauntlet | Found a transporter.
 12405 | Gauntlet | Noticed an entropy weaver
 12482 | Gauntlet | Killed a death ooze
 12539 | Gauntlet | Reached skill level 16 in Unarmed Combat
 12618 | Gauntlet | Reached XP level 13. HP: 119/122 MP: 12/12
 12636 | Gauntlet | Got a spiked hat
 12641 | Gauntlet | Identified the cursed +0 hat of Theory {-Tele rC++ Slay+6}
                  | (You found it in a Gauntlet)
 12720 | Gauntlet | Noticed a minotaur
 12731 | Gauntlet | Killed a minotaur
 13212 | Lair:1   | Entered Level 1 of the Lair of Beasts
 13229 | Lair:1   | Received a gift from Trog
 14314 | Lair:2   | Reached skill level 17 in Unarmed Combat
 15250 | Lair:3   | Found a runed translucent gate.
 15250 | Lair:3   | Found a runed translucent gate.
 15250 | Lair:3   | Found a runed translucent gate.
 15250 | Lair:3   | Noticed Deed's ghost (journeyman MiFi)
 15262 | Lair:3   | Reached skill level 1 in Shields
 15301 | Lair:3   | Received a gift from Trog
 15344 | Lair:3   | Reached XP level 14. HP: 124/133 MP: 13/13
 16380 | Lair:3   | Killed Deed's ghost
 16380 | Lair:3   | Reached skill level 18 in Unarmed Combat
 16499 | Lair:4   | Found a sacrificial altar of Ru.
 16665 | Lair:4   | Found a staircase to the Swamp.
 16679 | Lair:4   | Found a staircase to the Snake Pit.
 17772 | Lair:5   | Found a staircase to the Slime Pits.
 18226 | Lair:6   | Entered Level 6 of the Lair of Beasts
 18526 | Lair:6   | Reached XP level 15. HP: 143/143 MP: 14/14
 18570 | Lair:6   | Noticed Urug
 18577 | Lair:6   | Received a gift from Trog
 18593 | Lair:6   | Killed Urug
 18593 | Lair:6   | Reached skill level 19 in Unarmed Combat
 18597 | Lair:6   | Got a brightly glowing broad axe {god gift}
 18597 | Lair:6   | Identified the +2 broad axe "Nutsuaj" {flame, rPois} (Trog
                  | gifted it to you on level 6 of the Lair of Beasts)
 18763 | Lair:6   | Found a dark tunnel.
 18794 | Volcano  | Entered a volcano
 19312 | Lair:6   | Found an ancient bone altar of Kikubaaqudgha.
 20790 | Orc:1    | Entered Level 1 of the Orcish Mines
 21129 | Orc:2    | Entered Level 2 of the Orcish Mines
 21177 | Orc:2    | Found Diol's Jewellery Emporium.
 21182 | Orc:2    | Found Leic's Jewellery Boutique.
 21205 | Orc:2    | Found Igacief's Gadget Shoppe.
 21217 | Orc:2    | Found Xuuwkiax's Assorted Antiques.
 21241 | Orc:2    | Bought a glowing kite shield for 135 gold pieces
 21290 | Orc:2    | Found a staircase to the Elven Halls.
 21354 | Orc:2    | Noticed an orc warlord
 21375 | Orc:2    | Killed an orc warlord
 21404 | Orc:2    | Killed from afar by an orc priest

Illustrated notes

Levels and vault maps discovered:
D:1:      dpeg_arrival_concentric_ovals, layout_basic, chequers_big_river,
          serial_bayou_pond_b, minmay_tall_x
D:2:      layout_basic, overflow_temple_1_default, lemuel_crystal_altar,
          uniq_jessica
D:3:      layout_loops_ring, eat_drink_and_be_merry_uskayaw, chequers_avenue,
          uniq_natasha
D:4:      layout_basic, marbit_many_paths, minmay_temple_entry_statues,
          chequers_ossuary_entry_cave
D:5:      kennysheep_kobold_camp, layout_basic, kennysheep_mini,
          kennysheep_little_box, lemuel_round_altar, basic_altar
D:6:      lemuel_castle_with_subvaults [lemuel_castle_interior_carwin_1],
          layout_basic, nemelex_altar_shiori, gup_sewer_entry_bowl
D:7:      layout_gridville, worms_lemuel
D:8:      layout_cave_pools, kennysheep_vampire_church, uniq_erica, uniq_grum
D:9:      layout_loops_ring, lair_entry_dummy, uniq_maurice
D:10:     minmay_stone_box, layout_loops_ring, hangedman_decor_riveting,
          ebering_dispersal_statue_hall, nrook_campfire,
          grunt_decor_mini_mirrors, uniq_maggie, uniq_sonja
D:11:     layout_cave_pools, erik_orc_2, enter_bailey_2, uniq_erolcha
D:12:     layout_cave_pools, uniq_josephine
D:13:     layout_cross, david_vaults_1, gauntlet_entry_generic,
          corexii_corridor_pit
Lair:1:   layout_regular_city
Lair:2:   beast_lair_carwin_large_3, layout_regular_city,
          minmay_lair_oklob_chamber, infiniplex_staircase_pool
Lair:3:   layout_long_grid, gammafunk_ghost_necromancy, wad_woods_antlair,
          grunt_megastairs_3
Lair:4:   layout_loops_ring, minmay_swamp_entry_reptiles, dummy_snake_entry,
          basic_altar
Lair:5:   layout_gridlike, minmay_slime_entry_pillars,
          cheibrodos_lair_caveside_slide
Lair:6:   evilmike_catoblepas_cave, layout_layer_cave,
          nicolae_volcano_entry_two_sided, basic_altar, serial_bayou_shore_a,
          uniq_urug
Orc:1:    layout_diamond_mine, serial_shops, shop
Orc:2:    st_orc_congregation, layout_caves, serial_shops, shop, shop_fountains,
          nicolae_shop_crystal, nicolae_shop_overgrown_old_shop

Skill      XL: |  1  2  3  4  5  6  7  8  9 10 11 12 13 14 15 |
---------------+----------------------------------------------+-----
Dodging        | 3 4 5 6 7 |  7.9
Unarmed Combat | 4 5 6 8 9 11 13 14 16 17 18 19 | 19.7
Fighting       | 3 4 5 6 7 8 9 |  9.1
Armour         | 1 2 3 4 5 6 7 8 |  8.9
Stealth        | 1 |  1.9
Long Blades    | 1 3 4 |  4.2
Polearms       | 1 |  1.0
Shields        | 1 3 4 |  4.8
Axes           | |  0.3
Throwing       | |  0.9

Action                   |  1- 3 |  4- 6 |  7- 9 | 10-12 | 13-15 || total
-------------------------+-------+-------+-------+-------+-------++-------
Melee: Unarmed           |   120 |   179 |   491 |   536 |   958 ||  2284
       Punch             |     3 |     2 |    16 |    39 |     8 ||    68
       Trident           |       |       |     5 |     7 |       ||    12
       Scimitar          |       |       |       |    93 |    33 ||   126
       Great sword       |       |       |       |    47 |     6 ||    53
       Broad axe         |       |       |       |       |     5 ||     5
Throw: Dart              |       |       |       |     6 |       ||     6
Invok: Berserk           |       |       |     9 |    18 |    10 ||    37
       Trog's Hand       |       |       |     3 |     3 |     1 ||     7
       Brothers in Arms  |       |       |     1 |     6 |     5 ||    12
  Use: Scroll            |       |       |    15 |     9 |     7 ||    31
       Potion            |       |       |       |     2 |       ||     2
 Stab: Sleeping          |     1 |       |     2 |     1 |       ||     4
       Distracted        |       |       |       |       |     3 ||     3
Armor: Animal skin       |    56 |    53 |   222 |    42 |       ||   373
       Robe              |       |       |       |   112 |    28 ||   140
       Swamp dragon scal |       |       |       |   187 |   299 ||   486
Dodge: Dodged            |    89 |    79 |   369 |   485 |   354 ||  1376
Block: Other             |       |       |       |    37 |    27 ||    64
       Kite shield       |       |       |       |       |   537 ||   537
       Reflection        |       |       |       |       |    12 ||    12
       Rpst.: Scimitar   |       |       |       |    25 |     4 ||    29
       Great sword       |       |       |       |    11 |     1 ||    12

Table legend: (Time is in decaauts)
 A = Elapsed time spent in this place.
 B = Non-inter-level travel time spent in this place.
 C = Inter-level travel time spent in this place.
 D = Time resting spent in this place.
 E = Time spent auto-exploring this place.
 F = Levels seen in this place.
 G = Mean time per level.
                   A        B        C        D        E       F      G
               +--------+--------+--------+--------+--------+-----+--------+
         Total |  21404 |  20126 |   1278 |    439 |  14471 |  26 |  823.2 |
       Dungeon |  11777 |  10824 |    953 |    322 |   7545 |  13 |  905.9 |
          Lair |   6735 |   6438 |    297 |      0 |   5204 |   6 | 1122.5 |
  Orcish Mines |    583 |    556 |     27 |      0 |    356 |   2 |  291.5 |
         Sewer |    328 |    328 |      0 |      0 |    188 |   1 |  328.0 |
       Ossuary |    317 |    317 |      0 |      0 |    224 |   1 |  317.0 |
        Bailey |    642 |    642 |      0 |      0 |    415 |   1 |  642.0 |
       Volcano |    342 |    342 |      0 |      0 |    190 |   1 |  342.0 |
      Gauntlet |    675 |    675 |      0 |    117 |    347 |   1 |  675.0 |
               +--------+--------+--------+--------+--------+-----+--------+

Top non-repeatable levels by time:
  Lair:6: 1693 daAuts
  Lair:3: 1414 daAuts
     D:6: 1231 daAuts
     D:5: 1135 daAuts
     D:4: 1097 daAuts
  Lair:5: 1018 daAuts
    D:10: 1013 daAuts
     D:9: 963 daAuts
    D:11: 958 daAuts
  Lair:2: 956 daAuts
     D:8: 949 daAuts
  Lair:1: 897 daAuts
     D:7: 854 daAuts
     D:2: 837 daAuts
     D:1: 811 daAuts
